 Dungeon Crawl Stone Soup version 0.29.1-12-g30fa7ad0bf (webtiles) character file.

Game seed: 2318413640485776188

60 moxian the Conjurer (level 3, -15/24 HPs)
             Began as a Mummy Conjurer on Dec 13, 2022.
             Killed from afar by an orc wizard (16 damage)
             ... with a puff of flame
             ... on level 3 of the Dungeon.
             The game lasted 00:10:31 (2500 turns).

moxian the Conjurer (Mummy Conjurer)                Turns: 2500, Time: 00:10:31

Health: -15/24     AC:  2    Str: 10    XL:     3   Next: 80%
Magic:  4/8        EV: 12    Int: 19    God:
Gold:   95         SH:  0    Dex: 10    Spells: 6/9 levels left

rFire   x . .      SeeInvis .   l - staff of poison
rCold   + . .      Faith    .   (no shield)
rNeg    + + +      Spirit   .   a - +0 robe
rPois   ∞          Reflect  .   (no helmet)
rElec   .          Harm     .   (no cloak)
rCorr   .          Rampage  .   (no gloves)
Will    .....                   (no boots)
Stlth   +.........              (no amulet)
HPRegen 0.08/turn               (no ring)
MPRegen 0.11/turn               (no ring)

@: confused
A: cold resistance 1, negative energy resistance 3, torment resistance 2, heat
vulnerability 1, in touch with death 1, no potions
a: no special abilities


You were on level 3 of the Dungeon.
You visited 1 branch of the dungeon, and saw 3 of its levels.

You collected 149 gold pieces.
You spent 54 gold pieces at shops.

Inventory:

Hand Weapons
 c - a +0 hand axe
 d - a +0 dagger
 k - a +0 spear
Missiles
 b - 29 stones
 m - 4 boomerangs
Armour
 a - a +0 robe (worn)
Magical Staves
 l - a staff of poison (weapon)
Scrolls
 e - a scroll of butterflies {unknown}
 f - 3 scrolls of vulnerability {unknown}
 g - 2 scrolls of teleportation {unknown}
 h - a scroll of magic mapping {unknown}
 i - a scroll of immolation {unknown}
 j - 2 scrolls of identify {unknown}


   Skills:
 + Level 2.0 Dodging
 + Level 1.6 Stealth
 + Level 3.5 Spellcasting
 + Level 3.9 Conjurations
 * Level 0.1 Evocations


You had 6 spell levels left.
You knew the following spells:

 Your Spells              Type           Power      Damage    Failure   Level
a - Magic Dart            Conj           72%        1d6       2%          1
b - Searing Ray           Conj           36%        2d5       4%          2

Your spell library contained the following spells:

 Spells                   Type           Power      Damage    Failure   Level
 Dazzling Flash           Conj/Hex       20%        N/A       19%         3
 Fulminant Prism          Conj/Hex       5%         3d7       54%         4
 Iskenderun's Mystic Bla  Conj/Tloc      10%        2d4       54%         4


Dungeon Overview and Level Annotations

Branches:
Dungeon (3/15)

Altars:

Shops:
D:2 *(


Innate Abilities, Weirdness & Mutations

You are immune to poison.
Your flesh is cold resistant. (rC+)
You are immune to negative energy. (rN+++)
You are immune to unholy pain and torment.
You are vulnerable to heat. (rF-)
You are in touch with the powers of death.
You do not drink.


Message History

The orc wizard casts a spell at you. The magic dart hits you!
The rat bites you.
Casting: Searing Ray (safe; 4% risk of failure)
Confirm with . or Enter, or press ? or * to list all spells.
You don't know that spell.
Casting: Searing Ray (safe; 4% risk of failure)
Confirm with . or Enter, or press ? or * to list all spells.
Aiming: Searing Ray (safe; 4% risk of failure)
Press: ? - help, Shift-Dir - straight line, f - orc wizard
Aim: an orc wizard, wielding a +0 dagger and wearing a +0 robe (72% to hit)
The searing ray misses the orc wizard. (Press . to maintain the ray.)
The orc shouts!
The orc wizard barely misses you. The rat barely misses you.
The searing ray hits the orc wizard.
The orc wizard is heavily wounded.
The orc wizard hits you with a +0 dagger.
The rat bites you.
The searing ray hits the orc wizard.
The orc wizard is heavily wounded.
The searing ray hits the orc!
You kill the orc!
The rat bites you but does no damage.
The orc wizard gestures at you while chanting.
You are confused.
You can't drink.
The orc wizard attacks as you move away!
The orc wizard hits you with a +0 dagger.
The rat attacks as you move away! The rat barely misses you.
The orc wizard points at you and mumbles some strange words.
The puff of flame hits you. The fire burns you terribly!
* * * LOW HITPOINT WARNING * * *
The rat misses you.
The orc wizard hits you but does no damage.
The rat attacks as you move away! The rat bites you.
* * * LOW HITPOINT WARNING * * *
The orc wizard points at you and mumbles some strange words.
The puff of flame hits you! The fire burns you terribly!
Ouch! That really hurt!
You die...

.# .### ..# #.#
#.#########
#<........#
##........#
...##........#
#........r@.#####
####......o)....#
................#
..###########....#
#####.....#
#.........#
#####.####....#
##..)..# ######
#..#####


You could see an orc wizard and a rat.

Vanquished Creatures
  A worm (D:2)
  A dart slug (D:2)
  3 orcs (D:3)
  6 ball pythons
  5 endoplasms
  2 giant cockroaches
  6 goblins
  8 hobgoblins
  5 bats
  A frilled lizard (D:1)
  6 kobolds
  2 rats (D:1)
46 creatures vanquished.

Notes
Turn   | Place    | Note
-------+----------+-------------------------------------------
     0 | D:1      | moxian the Mummy Conjurer began the quest for the Orb.
     0 | D:1      | Reached XP level 1. HP: 13/13 MP: 4/4
   311 | D:1      | Reached XP level 2. HP: 19/19 MP: 0/6
   587 | D:1      | Learned a level 2 spell: Searing Ray
  1130 | D:2      | Found Kepeoq's Assorted Antiques.
  1203 | D:2      | Bought a scroll labelled WAUWEH SEPOSE for 18 gold pieces
  1203 | D:2      | Bought a scroll labelled KIR INAYWEQUO for 18 gold pieces
  1203 | D:2      | Bought a scroll labelled KIR INAYWEQUO for 18 gold pieces
  1257 | D:2      | Gained mutation: You are in touch with the powers of death.
                  | [Mummy growth]
  1257 | D:2      | Reached XP level 3. HP: 24/24 MP: 4/7
  1313 | D:2      | Found Limpid's Antique Weapon Boutique.
  1858 | D:2      | Noticed a great orb of eyes
  1861 | D:2      | Noticed an eye of devastation
  1863 | D:2      | Found a faded altar of an unknown god.
  1864 | D:2      | Noticed a floating eye
  1864 | D:2      | Noticed a floating eye
  2500 | D:3      | HP: 1/24 [rat (3)]
  2500 | D:3      | Killed from afar by an orc wizard

Illustrated notes

Levels and vault maps discovered:
D:1:      lightli_arrival_noodles, layout_rooms
D:2:      kennysheep_big_flooded_room, layout_basic, serial_shops,
          nicolae_shop_trees, shop_coins,
          hellmonk_ecumenical_altar_watching_god, minmay_hexomino_f4
D:3:      layout_rooms, grunt_decor_clamped

Skill      XL: |  1  2  3 |
---------------+----------+-----
Spellcasting   | 3 |  3.5
Dodging        | 2 |  2.0
Stealth        | |  1.6
Conjurations   | |  3.9
Evocations     | |  0.1

Action                   || total
-------------------------++-------
Melee: Dagger            ||    39
       Staff             ||     1
 Cast: Magic Dart        ||    43
       Searing Ray       ||    18
Armor: Robe              ||    13
Dodge: Dodged            ||    34
